 Dungeon Crawl Stone Soup version 0.21-a0-404-g291f19a (webtiles) character file.

24944 ohad the Black Belt (level 13, -1/111 HPs)
             Began as a Gnoll Transmuter on Apr 22, 2017.
             Was a High Priest of Makhleb.
             Splashed by an oklob plant's acid (16 damage)
             ... on level 5 of the Lair of Beasts on Oct 27, 2017.
             The game lasted 00:41:51 (13735 turns).

ohad the Black Belt (Gnoll Transmuter)             Turns: 13735, Time: 00:41:52

Health: -1/111     AC:  3    Str: 15    XL:     13   Next: 16%
Magic:  30/30      EV: 18    Int: 15    God:    Makhleb [*****.]
Gold:   815        SH:  0    Dex: 20    Spells: 23/38 levels left

rFire    . . .     SeeInvis .     - Unarmed
rCold    + . .     Gourm    .   (no shield)
rNeg     . . .     Faith    .   C - +1 scale mail {rC+}
rPois    .         Spirit   .   (no helmet)
rElec    .         Reflect  .   A - +1 cloak
rCorr    .         Harm     .   r - +0 pair of gloves
MR       .....                  p - +2 pair of boots
Stlth    ++++......             (no amulet)
HPRegen  0.28/turn              U - +3 ring of dexterity
MPRegen  0.22/turn              k - +4 ring of strength

@: corroded
A: distributed training, fangs 1, strong nose
a: Minor Destruction, Lesser Servant of Makhleb, Major Destruction, Greater
Servant of Makhleb, Renounce Religion


You were on level 5 of the Lair of Beasts.
You worshipped Makhleb.
Makhleb was extremely pleased with you.
You were not hungry.

You visited 2 branches of the dungeon, and saw 14 of its levels.

You collected 815 gold pieces.

Inventory:

Hand Weapons
 o - the +3 falchion "Hodusues" {holy, rElec rPois rF++ Str-5}
   (You found it on level 2 of the Lair of Beasts)

   It has been blessed by the Shining One to cause great damage to the undead
   and demons.
   It affects your strength (-5).
   It greatly protects you from fire.
   It insulates you from electricity.
   It protects you from poison.
 x - a +3 demon trident of venom
 E - a +4 great sword of flaming
 F - a +2 dagger of electrocution
 N - a cursed -1 hand crossbow
 P - a +1 war axe of freezing
 Y - a +0 war axe of freezing
Missiles
 a - 335 arrows
 g - 4 javelins of penetration
 i - 4 javelins (quivered)
 q - 103 bolts
 u - 58 poisoned needles
Armour
 p - a +2 pair of boots (worn)
 r - a +0 pair of gloves (worn)
 A - a +1 cloak (worn)
 C - a +1 scale mail of cold resistance (worn)
 W - a +1 robe of resistance
Magical Staves
 b - an uncursed staff of conjuration
Jewellery
 k - a +4 ring of strength (right hand)
 S - an uncursed ring of positive energy
 U - a +3 ring of dexterity (left hand)
Wands
 s - a wand of iceblast (13/15)
 L - a wand of iceblast (7/15)
 T - a wand of acid (10/15)
 X - a wand of scattershot (4/9)
Scrolls
 e - 2 scrolls of recharging {unknown}
 n - 6 scrolls of remove curse
 v - a scroll of vulnerability {unknown}
 w - a scroll of noise {unknown}
 y - 2 scrolls of identify
 z - 2 scrolls of teleportation
 O - 2 scrolls of fog {unknown}
 Q - a scroll of magic mapping {unknown}
 R - 3 scrolls of immolation {unknown}
 Z - 5 scrolls of fear {unknown}
Potions
 f - 2 potions of cancellation
 h - 3 potions of heal wounds
 l - 4 potions of curing
 t - a potion of berserk rage
 B - 3 potions of brilliance
 D - 2 potions of might
 G - a potion of invisibility
 H - 2 potions of flight
 I - a potion of resistance {unknown}
 K - a potion of lignification {unknown}
 V - a potion of degeneration {unknown}
Comestibles
 c - 6 fruits
 d - 9 bread rations
 j - 7 meat rations
 m - 10 chunks of flesh
 M - 8 royal jellies


   Skills:
 + Level 13.2 Fighting
 + Level 5.5 Short Blades
 + Level 5.0 Long Blades
 + Level 5.0 Axes
 + Level 5.0 Maces & Flails
 + Level 5.0 Polearms
 + Level 5.0 Staves
 + Level 5.0 Slings
 + Level 5.0 Bows
 + Level 5.0 Crossbows
 + Level 5.0 Throwing
 + Level 5.0 Armour
 + Level 12.6 Dodging
 + Level 10.9 Stealth
 + Level 5.0 Shields
 + Level 15.7 Unarmed Combat
 + Level 13.0 Spellcasting
 + Level 4.1 Conjurations
 + Level 4.1 Hexes
 + Level 4.1 Charms
 + Level 4.1 Summonings
 + Level 4.1 Necromancy
 + Level 4.1 Translocations
 + Level 12.8 Transmutations
 + Level 4.1 Fire Magic
 + Level 6.8 Ice Magic
 + Level 4.1 Air Magic
 + Level 4.1 Earth Magic
 + Level 4.1 Poison Magic
 + Level 14.4 Invocations
 + Level 5.0 Evocations


You had 23 spell levels left.
You knew the following spells:

 Your Spells              Type           Power        Failure   Level  Hunger
a - Beastly Appendage     Tmut           #####.       1%          1    None
b - Sticks to Snakes      Tmut           #####...     1%          2    None
c - Spider Form           Tmut/Pois      #####.....   2%          3    None
d - Ice Form              Ice/Tmut       #####...     4%          4    ##.....
e - Blade Hands           Tmut           #####.....   3%          5    #####..


Dungeon Overview and Level Annotations

Branches:
Dungeon (9/15)             Temple (0/1) D:7            Lair (5/6) D:9
  Swamp (0/4) Lair:3        Snake (0/4) Lair:4        Slime (0/5) Lair:5
    Orc: D:9-12

Altars:
Cheibriados
Dithmenos
Fedhas
Kikubaaqudgha
Makhleb
Okawaru
Qazlal
Uskayaw
Wu Jian
Xom
Beogh

Shops:
D:5 :

Annotations:
Lair:5 exclusion: 3 oklob plants


Innate Abilities, Weirdness & Mutations

Your experience applies equally to all skills.
You have very sharp teeth.
Your uncanny sense of smell can sniff out nearby items.


Message History

y - 2 scrolls of identify (gained 1)
The oklob plant spits acid at you. The splash of acid misses you.
The oklob plant spits acid at you. The splash of acid hits you!
The acid corrodes you!
You are splashed with acid!
The acid burns!
The oklob plant spits acid at you. The splash of acid hits you!
The acid corrodes you!
You are splashed with acid!
The acid burns!
Okay, then.
The oklob plant spits acid at you. The splash of acid hits you!
* * * LOW HITPOINT WARNING * * *
You are splashed with acid!
The acid burns!
* * * LOW HITPOINT WARNING * * *
The oklob plant spits acid at you. The splash of acid hits you!
* * * LOW HITPOINT WARNING * * *
You are splashed with acid!
The acid burns!
You die...

##..####.####.########.#.
##...##..##.#..#..##.##..
∆
.P.......................
.PP#.P.......###..#...P..
###....#### ######.##.
##.### ####. #...# #.
###.# ##### ######@######
#####.###
#P≈≈.....≈≈P###.....##P
#P≈.......≈P#.........(
#P≈.......≈P#..........
#P≈.......≈P##..#####..
#P≈.......≈P##### ###
#P≈≈.....≈≈P# ## #.
#####...##### #P#.##.
#=[|# ##..#..#


You could see 3 oklob plants.

Vanquished Creatures
  Rupert (Lair:4)
  4 hydras
  A catoblepas (Lair:2)
  2 two-headed ogres (D:9)
  Urug (Lair:4)
  Pikel (D:6)
  2 black mambas
  4 elephants (Lair:4)
  2 spiny frogs
  4 komodo dragons
  8 blink frogs
  4 hippogriffs
  21 yaks
  Sigmund (D:6)
  2 wyverns
  A human (D:7)
  3 hogs (D:7)
  2 basilisks (Lair:3)
  Menkaure (D:6)
  5 swamp worms (Lair:3)
  5 nagas (Lair:4)
  3 water moccasins
  8 porcupines
  A sky beast (D:6)
  A black bear (D:9)
  3 orc warriors (D:9)
  2 ice beasts
  4 ogres
  5 phantoms
  4 wolves (Lair:2)
  4 centaurs
  A necrophage (D:7)
  6 crocodiles
  A big kobold (D:7)
  6 bullfrogs
  Blork the orc (D:6)
  A water moccasin zombie (D:5)
  3 killer bees (D:8)
  9 wights
  A howler monkey (D:6)
  An electric eel (Lair:3)
  3 hounds
  4 jellies
  A quasit (D:3)
  Crazy Yiuf (D:3)
  A bullfrog zombie (D:6)
  2 centaur skeletons
  2 bullfrog skeletons
  5 orc priests
  A gnoll shaman (D:6)
  An iguana (D:7)
  8 orc wizards
  2 worker ants
  2 hound skeletons (D:7)
  A howler monkey zombie (D:6)
  2 worker ant zombies (D:6)
  13 adders
  9 gnolls
  A howler monkey skeleton (D:8)
  2 shadow imps
  2 oozes (D:2)
  An adder zombie (D:6)
  A worm (D:5)
  2 dart slugs
  4 leopard geckos
  52 orcs
  4 bats
  9 giant cockroaches
  11 goblins
  4 hobgoblins
  7 jackals
  4 quokkas
  2 ball pythons
  7 frilled lizards
  12 kobolds
  A quokka skeleton (D:6)
  8 rats
332 creatures vanquished.

Vanquished Creatures (collateral kills)
  A kobold (D:1)
1 creature vanquished.

Vanquished Creatures (others)
  A slave (D:6)
  A howler monkey (D:6)
  A crimson imp (D:6)
  A fungus (Lair:2)
  A plant (Lair:2)
5 creatures vanquished.

Grand Total: 338 creatures vanquished

Notes
Turn   | Place    | Note
-------+----------+-------------------------------------------
     0 | D:1      | ohad the Gnoll Transmuter began the quest for the Orb.
     0 | D:1      | Reached XP level 1. HP: 15/15 MP: 4/4
    77 | D:1      | Reached XP level 2. HP: 16/21 MP: 6/6
   347 | D:1      | Learned a level 2 spell: Sticks to Snakes
   465 | D:1      | Reached XP level 3. HP: 26/26 MP: 7/7
   495 | D:1      | Reached skill level 1 in Short Blades
   773 | D:2      | Reached skill level 1 in Stealth
   779 | D:2      | Reached skill level 5 in Transmutations
   973 | D:2      | Learned a level 3 spell: Spider Form
  1118 | D:2      | Reached XP level 4. HP: 28/32 MP: 6/8
  1438 | D:2      | Found a shimmering altar of Xom.
  1852 | D:3      | Found a burning altar of Makhleb.
  1884 | D:3      | Became a worshipper of Makhleb the Destroyer
  1988 | D:3      | Learned a level 4 spell: Ice Form
  2011 | D:3      | Reached skill level 1 in Ice Magic
  2034 | D:3      | Noticed an ogre
  2041 | D:3      | Reached XP level 5. HP: 37/37 MP: 0/10
  2047 | D:3      | Killed an ogre
  2287 | D:3      | Reached XP level 6. HP: 43/43 MP: 8/12
  2438 | D:3      | Found a runed door.
  2483 | D:3      | Noticed Crazy Yiuf
  2489 | D:3      | Killed Crazy Yiuf
  2642 | D:3      | Reached * piety under Makhleb
  2684 | D:3      | Reached skill level 5 in Spellcasting
  2708 | D:3      | Learned a level 5 spell: Blade Hands
  3053 | D:4      | Found a snail-covered altar of Cheibriados.
  3194 | D:4      | Found a stormy altar of Qazlal.
  3194 | D:4      | Found a hide-covered altar of Uskayaw.
  3650 | D:4      | You fall through a shaft!
  3650 | D:5      | Entered Level 5 of the Dungeon
  3668 | D:5      | Reached XP level 7. HP: 48/48 MP: 11/15
  4101 | D:5      | Found Helixom's Book Shoppe.
  4104 | D:5      | Found an ornate altar of the Wu Jian Council.
  4353 | D:6      | Found a shadowy altar of Dithmenos.
  4612 | D:6      | Reached XP level 8. HP: 24/54 MP: 15/19
  4882 | D:6      | Reached ** piety under Makhleb
  5118 | D:6      | Noticed Pikel
  5123 | D:6      | Noticed Blork the orc
  5123 | D:6      | Reached skill level 5 in Unarmed Combat
  5126 | D:6      | Killed Pikel
  5126 | D:6      | Reached skill level 7 in Unarmed Combat
  5126 | D:6      | Reached XP level 9. HP: 57/64 MP: 11/21
  5153 | D:6      | Killed Blork the orc
  5153 | D:6      | Reached skill level 8 in Unarmed Combat
  5277 | D:6      | Noticed Menkaure
  5287 | D:6      | Noticed Sigmund
  5289 | D:6      | Killed Menkaure
  5289 | D:6      | Reached skill level 5 in Dodging
  5294 | D:6      | Killed Sigmund
  5530 | D:7      | Reached skill level 9 in Unarmed Combat
  5815 | D:7      | Paralysed by a kobold for 3 turns
  5826 | D:7      | Reached skill level 5 in Fighting
  5982 | D:7      | Found a blossoming altar of Fedhas.
  5984 | D:7      | Found an ancient bone altar of Kikubaaqudgha.
  6097 | D:7      | Reached XP level 10. HP: 74/74 MP: 22/22
  6602 | D:7      | Found a staircase to the Ecumenical Temple.
  6877 | D:8      | Reached *** piety under Makhleb
  7240 | D:8      | Reached skill level 1 in Invocations
  8050 | D:9      | Found an iron altar of Okawaru.
  8082 | D:9      | Reached skill level 5 in Invocations
  8090 | D:9      | Reached skill level 5 in Stealth
  8214 | D:9      | Noticed a two-headed ogre
  8225 | D:9      | Killed a two-headed ogre
  8348 | D:9      | Noticed a two-headed ogre
  8355 | D:9      | Killed a two-headed ogre
  8355 | D:9      | Reached XP level 11. HP: 83/86 MP: 17/23
  8422 | D:9      | Reached skill level 15 in Unarmed Combat
  8422 | D:9      | Reached skill level 5 in Ice Magic
  8422 | D:9      | Upgraded the game from 0.20-a0-1039-gf554463 to 0.21-a0-404-g291f19a
  8435 | D:9      | Found a staircase to the Lair.
  8535 | D:9      | Reached **** piety under Makhleb
  8541 | D:9      | Found a roughly hewn altar of Beogh.
  8751 | Lair:1   | Entered Level 1 of the Lair of Beasts
  8780 | Lair:1   | Reached skill level 1 in Long Blades
  8780 | Lair:1   | Reached skill level 1 in Axes
  8780 | Lair:1   | Reached skill level 1 in Maces & Flails
  8780 | Lair:1   | Reached skill level 1 in Polearms
  8780 | Lair:1   | Reached skill level 1 in Staves
  8780 | Lair:1   | Reached skill level 1 in Slings
  8780 | Lair:1   | Reached skill level 1 in Bows
  8780 | Lair:1   | Reached skill level 1 in Crossbows
  8780 | Lair:1   | Reached skill level 1 in Throwing
  8780 | Lair:1   | Reached skill level 1 in Armour
  8780 | Lair:1   | Reached skill level 1 in Shields
  8780 | Lair:1   | Reached skill level 1 in Evocations
  8824 | Lair:1   | Reached skill level 1 in Conjurations
  8824 | Lair:1   | Reached skill level 1 in Hexes
  8824 | Lair:1   | Reached skill level 1 in Charms
  8824 | Lair:1   | Reached skill level 1 in Summonings
  8824 | Lair:1   | Reached skill level 1 in Necromancy
  8824 | Lair:1   | Reached skill level 1 in Translocations
  8824 | Lair:1   | Reached skill level 1 in Fire Magic
  8824 | Lair:1   | Reached skill level 1 in Air Magic
  8824 | Lair:1   | Reached skill level 1 in Earth Magic
  8824 | Lair:1   | Reached skill level 1 in Poison Magic
  8974 | Lair:1   | Noticed a seven-headed hydra
  8981 | Lair:1   | Killed a seven-headed hydra
  8981 | Lair:1   | Reached skill level 10 in Stealth
  9639 | Lair:2   | Noticed a seven-headed hydra
 10043 | Lair:2   | Noticed a catoblepas
 10066 | Lair:2   | Killed a catoblepas
 10066 | Lair:2   | Reached XP level 12. HP: 103/103 MP: 24/28
 10318 | Lair:2   | Reached ***** piety under Makhleb
 10333 | Lair:2   | Killed a seven-headed hydra
 11108 | Lair:2   | Got a bloodstained falchion
 11109 | Lair:2   | Identified the +3 falchion "Hodusues" {holy, rElec rPois rF++ Str-5} (You found it on level 2 of the Lair of Beasts)
 11547 | Lair:3   | Found a staircase to the Swamp.
 11962 | Lair:4   | Noticed Rupert
 12348 | Lair:4   | Killed Rupert
 12482 | Lair:4   | Found a staircase to the Snake Pit.
 12524 | Lair:4   | Reached skill level 5 in Short Blades
 12638 | Lair:4   | Noticed a seven-headed hydra
 12643 | Lair:4   | Noticed Urug
 12668 | Lair:4   | Killed a seven-headed hydra
 12702 | Lair:4   | Reached XP level 13. HP: 111/111 MP: 29/29
 12726 | Lair:4   | Killed Urug
 13447 | Lair:5   | Found a staircase to the Slime Pits.
 13572 | Lair:5   | Reached skill level 5 in Long Blades
 13572 | Lair:5   | Reached skill level 5 in Axes
 13572 | Lair:5   | Reached skill level 5 in Maces & Flails
 13572 | Lair:5   | Reached skill level 5 in Polearms
 13572 | Lair:5   | Reached skill level 5 in Staves
 13572 | Lair:5   | Reached skill level 5 in Slings
 13572 | Lair:5   | Reached skill level 5 in Bows
 13572 | Lair:5   | Reached skill level 5 in Crossbows
 13572 | Lair:5   | Reached skill level 5 in Throwing
 13572 | Lair:5   | Reached skill level 5 in Armour
 13572 | Lair:5   | Reached skill level 5 in Shields
 13572 | Lair:5   | Reached skill level 5 in Evocations
 13735 | Lair:5   | Splashed by an oklob plant's acid

Vault maps used:
D:1:      dpeg_arrival_simpleton_c, grunt_decor_resistance
D:2:      xom_teletrap_fun
D:3:      minmay_diamond_boxcup, nicolae_overflow_crystal_walls, first_bread,
          minmay_misc_feat_room, uniq_crazy_yiuf_cottage
D:4:      cheibriados_altar_1, gammafunk_temple_overflow_elements,
          minmay_misc_feat_square
D:5:      lemuel_doored_altar, serial_shops, shop_statue
D:6:      grunt_dithmenos_smoke, uniq_blork_the_orc, uniq_pikel, uniq_menkaure,
          uniq_sigmund
D:7:      grunt_temple_overflow_growth_and_decay,
          nicolae_overflow_hidden_temple, minmay_temple_entry_fiery,
          grunt_livestock
D:9:      okawaru_trees_2, lair_entry_dummy
Lair:1:   grunt_megastairs_3, infiniplex_staircase_pool_2
Lair:2:   infiniplex_staircase_pool, grunt_megastairs_2
Lair:3:   nicolae_swamp_entry_splash_gauntlet, ldierk_geyser
Lair:4:   minmay_snake_entry_guardpost_large, minivault_24, lemuel_fruit_tree,
          uniq_rupert, uniq_urug
Lair:5:   dpeg_oklob_gauntlet, nicolae_slime_entry_slimehenge,
          serial_bayou_shore_b

Skill      XL: |  1  2  3  4  5  6  7  8  9 10 11 12 13 |
---------------+----------------------------------------+-----
Transmutations | 4 5 6 7 8 9 12 | 12.8
Short Blades   | 1 3 5 |  5.5
Stealth        | 2 3 6 10 | 10.9
Ice Magic      | 1 4 5 6 |  6.8
Spellcasting   | 4 5 7 8 12 13 | 13.0
Fighting       | 3 5 8 12 13 | 13.2
Unarmed Combat | 7 9 15 | 15.7
Dodging        | 4 7 8 12 | 12.6
Invocations    | 8 13 14 | 14.4
Long Blades    | 3 4 5 |  5.0
Axes           | 3 4 5 |  5.0
Maces & Flails | 3 4 5 |  5.0
Polearms       | 3 4 5 |  5.0
Staves         | 3 4 5 |  5.0
Slings         | 3 4 5 |  5.0
Bows           | 3 4 5 |  5.0
Crossbows      | 3 4 5 |  5.0
Throwing       | 3 4 5 |  5.0
Armour         | 3 4 5 |  5.0
Shields        | 3 4 5 |  5.0
Evocations     | 3 4 5 |  5.0
Conjurations   | 2 3 4 |  4.1
Hexes          | 2 3 4 |  4.1
Charms         | 2 3 4 |  4.1
Summonings     | 2 3 4 |  4.1
Necromancy     | 2 3 4 |  4.1
Translocations | 2 3 4 |  4.1
Fire Magic     | 2 3 4 |  4.1
Air Magic      | 2 3 4 |  4.1
Earth Magic    | 2 3 4 |  4.1
Poison Magic   | 2 3 4 |  4.1

Action                   |  1- 3 |  4- 6 |  7- 9 | 10-12 | 13-15 || total
-------------------------+-------+-------+-------+-------+-------++-------
Melee: Unarmed           |    41 |    83 |   142 |   328 |    42 ||   636
       Bite              |     7 |     5 |    17 |    48 |     3 ||    80
       Punch             |     3 |     2 |     2 |    15 |     2 ||    24
       Kick              |     2 |       |       |       |       ||     2
       Headbutt          |     7 |       |       |     2 |     1 ||    10
       Short sword       |    52 |    63 |    45 |    37 |       ||   197
       Dagger            |       |       |       |    87 |       ||    87
Throw: Javelin           |       |     1 |       |       |       ||     1
 Cast: Beastly Appendage |     9 |     2 |       |     7 |     1 ||    19
       Sticks to Snakes  |     1 |       |       |     4 |       ||     5
       Spider Form       |       |     4 |       |       |       ||     4
       Ice Form          |       |     9 |     8 |     4 |     1 ||    22
       Blade Hands       |       |       |     8 |    42 |     2 ||    52
 Abil: End Transformatio |       |       |       |     2 |     1 ||     3
  Use: Scroll            |     1 |     6 |       |     8 |     1 ||    16
 Stab: Sleeping          |     1 |     8 |     2 |     8 |     2 ||    21
       Distracted        |       |       |       |     2 |       ||     2
  Eat: Chunk             |     1 |    10 |    10 |    29 |     3 ||    53
       Royal jelly       |       |       |     1 |     1 |       ||     2
       Fruit             |       |       |       |     3 |     1 ||     4
Armor: Robe              |    16 |     8 |    28 |    25 |       ||    77
       Skin              |       |    32 |    14 |     6 |     1 ||    53
       Scale mail        |       |       |       |    71 |     9 ||    80
Dodge: Dodged            |    60 |    84 |   116 |   340 |    38 ||   638

Table legend:
 A = Spawn XP
 B = Non-spawn XP
 C = Spawn XP percentage of total XP
 D = Spawn monster count
 E = Non-spawn monster count
 F = Spawn count percentage of total count
 G = Total turns spent on level
                    A         B        C        D         E        F      G
               +---------+---------+-------+---------+---------+-------+---------
         Total |       0 |   24603 |   0.0 |       0 |      86 |   0.0 |  5313
               +---------+---------+-------+---------+---------+-------+---------
        Lair:1 |       0 |    4347 |   0.0 |       0 |      18 |   0.0 |   637
        Lair:2 |       0 |    5359 |   0.0 |       0 |      18 |   0.0 |  1762
        Lair:3 |       0 |    4303 |   0.0 |       0 |      23 |   0.0 |   802
        Lair:4 |       0 |    8712 |   0.0 |       0 |      20 |   0.0 |  1487
        Lair:5 |       0 |    1882 |   0.0 |       0 |       7 |   0.0 |   296
               +---------+---------+-------+---------+---------+-------+---------
